 Dungeon Crawl Stone Soup version 0.31-a0-219-g8d62b2e7bb (webtiles) character file.

Game seed: 10455305411841246068

5698 qw the Skirmisher (level 10, 0/91 HPs)
             Began as a Minotaur Hexslinger on July 3, 2023.
             Killed by the air
             ... invoked by Gastronok
              (26 damage)
             ... on level 9 of the Dungeon.
             The game lasted 00:03:04 (7831 turns).

qw the Skirmisher (Minotaur Hexslinger)             Turns: 7831, Time: 00:03:04

Health: 0/91       AC: 10    Str: 14    XL:     10   Next: 47%
Magic:  10/10      EV: 14    Int: 10    God:
Gold:   423        SH:  0    Dex: 19    Spells: 10/11 levels left

rFire   + . .        q - +3 longbow "Xuurch" {drain, rF+ Will- Dex+3}
rCold   . . .        (shield currently unavailable)
rNeg    . . .        o - +4 ring mail
rPois   .            (helmet restricted)
rElec   .            d - scarf {repulsion}
rCorr   .            b - +0 pair of gloves
SInv    .            (no boots)
Will    +....        (no amulet)
Stlth   +            k - ring of willpower
HPRegen 0.35/turn    f - ring of willpower
MPRegen 0.12/turn

%: repel missiles
@: no status effects
A: horns 2, retaliatory headbutt
a: no special abilities


You were on level 9 of the Dungeon.
You visited 2 branches of the dungeon, and saw 10 of its levels.

You collected 423 gold pieces.


Innate Abilities, Weirdness & Mutations

You have a pair of horns on your head.
You reflexively headbutt those who attack you in melee.


   Skills:
 - Level 9.4 Fighting
 - Level 13.6 Ranged Weapons
 - Level 3.1 Armour
 + Level 5.8 Dodging
 - Level 1.0 Spellcasting
 - Level 2.0 Hexes


You had 10 spell levels left.
You knew the following spells:

 Your Spells              Type           Power      Damage    Failure   Level
a - Slow                  Hex            16%        N/A       30%         1

Your spell library contained the following spells:

 Spells                   Type           Power      Damage    Failure   Level
 Inner Flame              Hex/Fire       2%         N/A       80%         3
 Portal Projectile        Hex/Tloc       4%         N/A       80%         3
 Cause Fear               Hex            2%         N/A       96%         4

Inventory:

Hand Weapons
 q - the +3 longbow "Xuurch" (weapon) {drain, rF+ Will- Dex+3}
   (You acquired it on level 9 of the Dungeon)

   Dex:       It affects your dexterity (+3).
   rF:        It protects you from fire.
   Will:      It decreases your willpower.
Armour
 b - a +0 pair of gloves (worn)
 d - a scarf of repulsion (worn)
 o - a +4 ring mail (worn)
 p - a +0 cloak
Jewellery
 f - a ring of willpower (right hand)
 k - a ring of willpower (left hand)
 n - a ring of fire
Scrolls
 a - a scroll of identify
Potions
 e - a potion of might
 h - a potion of enlightenment
 i - a potion of haste {unknown}
 j - a potion of cancellation {unknown}
 l - a potion of lignification {unknown}
 m - a potion of degeneration {unknown}

Dungeon Overview and Level Annotations

Branches:
Dungeon (9/15)             Temple (1/1) D:5
   Lair: D:8-11         Orc: D:9-12

Altars:
Cheibriados
Fedhas
Gozag
Hepliaklqana
Kikubaaqudgha
Makhleb
Qazlal
Ru
Sif Muna
Trog
Wu Jian
Yredelemnul
Zin
The Shining One

Annotations:
D:9 Gastronok


Message History

The gnoll hits you but does no damage. The gnoll closely misses you.
The elephant barely misses you. You furiously retaliate!
You headbutt the elephant! The elephant completely misses you.
The centaur hits you.
The centaur kicks you but does no damage.
You shoot an arrow. The arrow hits the centaur.
You drain the centaur.
You kill the centaur!
The basilisk gazes at you. You resist with almost no effort.
The gnoll hits you but does no damage. The gnoll hits you with a +0 whip.
The elephant tramples you.
You hold your ground!
The elephant misses you.
7828 ||| READING scroll of teleportation.
As you read the scroll of teleportation, it crumbles to dust.
You feel strangely unstable.
The black bear bites you but does no damage.
The black bear barely misses you. The black bear claws you.
The gnoll hits you with a +0 whip. The gnoll completely misses you.
The elephant tramples you.
You hold your ground!
The elephant barely misses you.
7829 ||| DRINKING potion of heal wounds.
You feel much better.
The black bear bites you but does no damage.
The black bear claws you but does no damage. x2
The gnoll barely misses you. The gnoll hits you but does no damage.
The elephant barely misses you.
The elephant trunk-slaps you but does no damage.
You shoot an arrow. The arrow hits the gnoll!
You kill the gnoll!
The black bear bites you but does no damage.
The black bear claws you but does no damage.
The black bear misses you. The gnoll barely misses you.
A wraith comes into view.
The elephant tramples you!
You hold your ground!
The elephant trunk-slaps you but does no damage.
You shoot an arrow. The arrow hits the elephant!!
The elephant is heavily wounded.
Your surroundings suddenly seem different.
Gastronok and 5 wights come into view.
Gastronok waves his eye-stalks in wide circles.
The air twists around and strikes you!!
You die...

..... .....####
..w.....#
........#
....z...#
.......z#
.....z.z#+##+##
......z@......#
...............
......######...
..###. # . #


You could see Gastronok and 5 wights.

Vanquished Creatures
  Amaemon (D:8)
  Joseph (D:7)
  An orange demon (D:8)
  Maggie (D:8)
  3 yaks (D:8)
  A wyvern (D:9)
  3 steam dragons (D:6)
  2 water moccasins
  2 orc warriors
  3 ice beasts
  A sky beast (D:7)
  A black bear (D:7)
  4 ogres
  2 centaurs
  3 kobold brigands
  2 bullfrogs
  A gnoll sergeant (D:9)
  A scorpion (D:5)
  5 wights
  4 howler monkeys
  5 jellies
  A gnoll bouda (D:7)
  2 orc priests
  A hound (D:6)
  A sleepcap (D:7)
  9 iguanas
  12 orc wizards
  6 gnolls
  10 adders
  A river rat (D:4)
  An ufetubus (D:3)
  4 worms
  3 dart slugs
  31 orcs
  9 ball pythons
  A bat (D:1)
  4 endoplasms
  8 giant cockroaches
  3 goblins
  11 hobgoblins
  2 jackals (D:2)
  3 quokkas
  2 frilled lizards
  14 kobolds
  7 rats
193 creatures vanquished.

Notes
Turn   | Place    | Note
-------+----------+-------------------------------------------
     0 | D:1      | qw the Minotaur Hexslinger began the quest for the Orb.
     0 | D:1      | Reached XP level 1. HP: 16/16 MP: 1/1
     0 | D:1      | 0 ||| qw: Version: 0.3-a-40-ge99b1a8
     0 | D:1      | 0 ||| qw: Game counter: 440
     0 | D:1      | 0 ||| qw: Melee chars always use a shield: true
     0 | D:1      | 0 ||| qw: God list: Okawaru
     0 | D:1      | 0 ||| qw: Allow faded altars: false
     0 | D:1      | 0 ||| qw: Do Orc after clearing Dungeon:15 true
     0 | D:1      | 0 ||| qw: Do second Lair branch before Depths: true
     0 | D:1      | 0 ||| qw: Lair rune preference: random
     0 | D:1      | 0 ||| qw: Goals: Normal
     0 | D:1      | 0 ||| PLANNING D:1-11
   128 | D:1      | HP: 3/16 [quokka (3)]
   203 | D:1      | Reached skill level 3 in Ranged Weapons
   206 | D:1      | Reached XP level 2. HP: 21/23 MP: 2/2
   417 | D:1      | Reached XP level 3. HP: 22/29 MP: 3/3
   582 | D:1      | Found a faded altar of an unknown god.
   649 | D:1      | 649 ||| UPGRADING to scarf of repulsion.
   654 | D:1      | 654 ||| DROPPING scroll of poison.
   740 | D:2      | Reached skill level 4 in Ranged Weapons
   798 | D:2      | HP: 5/29 [adder (4)]
   801 | D:2      | HP: 2/29 [poisoned by an adder]
   969 | D:2      | Reached XP level 4. HP: 15/36 MP: 4/4
  1568 | D:2      | 1568 ||| UPGRADING to +0 ring mail.
  1578 | D:2      | 1578 ||| DROPPING +0 robe.
  1579 | D:2      | 1579 ||| UPGRADING to ring of willpower.
  1580 | D:2      | 1580 ||| READING scroll labelled BEOHIGR ISSEXE.
  1581 | D:2      | 1581 ||| READING scroll labelled VEUDGHO HINEXEKI.
  1582 | D:2      | 1582 ||| DRINKING 2 yellow potions.
  1583 | D:2      | 1583 ||| DRINKING 2 purple potions.
  1611 | D:3      | Found a basalt altar of Yredelemnul.
  1614 | D:3      | Found an ornate altar of the Wu Jian Council.
  1704 | D:3      | Reached skill level 1 in Armour
  1758 | D:3      | Reached skill level 5 in Ranged Weapons
  1866 | D:3      | Found the +13 scythe of Curses {drain, curses, Drain}
  1892 | D:3      | Reached skill level 3 in Fighting
  1892 | D:3      | Reached XP level 5. HP: 45/45 MP: 5/5
  2292 | D:3      | 2292 ||| DROPPING scarf of harm.
  2293 | D:3      | 2293 ||| READING scroll labelled MAREUR DIOR.
  2294 | D:3      | 2294 ||| READING scroll labelled LOMEJA MISM.
  2294 | D:3      | Identified a scroll of acquirement
  2294 | D:3      | 2294 ||| ACQUIRING +4 orcbow of flaming
  2294 | D:3      | Acquired a +4 orcbow of flaming
  2296 | D:3      | 2296 ||| SWAPPING to +4 orcbow of flaming.
  2297 | D:3      | 2297 ||| DROPPING +2 sling.
  2298 | D:3      | 2298 ||| READING scroll labelled LOCSUY IRYLL.
  2351 | D:4      | 2351 ||| PLANNING SEWER
  2488 | D:4      | Found a bloodstained altar of Trog.
  2524 | D:4      | Noticed a water moccasin
  2529 | D:4      | Killed a water moccasin
  2530 | D:4      | Reached skill level 6 in Ranged Weapons
  2530 | D:4      | Reached XP level 6. HP: 51/51 MP: 6/6
  2683 | D:4      | 2683 ||| Stepping ~*~*~tactically~*~*~ (outnumbered).
  2704 | D:4      | Reached skill level 7 in Ranged Weapons
  2734 | D:4      | Noticed an ice beast
  2737 | D:4      | Killed an ice beast
  2738 | D:4      | Reached XP level 7. HP: 59/59 MP: 7/7
  2928 | D:4      | Reached skill level 8 in Ranged Weapons
  2939 | D:4      | Found a snail-covered altar of Cheibriados.
  2941 | D:4      | 2941 ||| RIP SEWER
  2942 | D:4      | 2942 ||| PLANNING D:1-11
  3280 | D:4      | 3280 ||| UPGRADING to +0 pair of gloves.
  3285 | D:4      | 3285 ||| READING scroll labelled VAXOVOXKUE.
  3286 | D:4      | 3286 ||| READING scroll labelled XORIAN BERANAS.
  3299 | D:5      | Entered Level 5 of the Dungeon
  3333 | D:5      | Found a staircase to the Ecumenical Temple.
  3334 | D:5      | 3334 ||| PLANNING TEMPLE
  3348 | Temple   | Entered the Ecumenical Temple
  3451 | Temple   | 3451 ||| PLANNING D:1-11
  3547 | D:5      | Found a stormy altar of Qazlal.
  3692 | D:5      | Reached XP level 8. HP: 68/68 MP: 8/8
  3811 | D:5      | 3811 ||| READING 4 scrolls of identify.
  3811 | D:5      | 3811 ||| IDENTIFYING glowing puce potion
  3812 | D:5      | 3812 ||| READING 3 scrolls of identify.
  3812 | D:5      | 3812 ||| IDENTIFYING red potion
  3813 | D:5      | 3813 ||| READING 2 scrolls of identify.
  3813 | D:5      | 3813 ||| IDENTIFYING bubbling grey potion
  3814 | D:5      | 3814 ||| DROPPING potion of attraction.
  3815 | D:5      | 3815 ||| DROPPING potion of brilliance.
  3823 | D:6      | Reached skill level 9 in Ranged Weapons
  3850 | D:6      | Reached skill level 6 in Fighting
  3931 | D:6      | Reached skill level 3 in Dodging
  3979 | D:6      | 3979 ||| FLEEEEING.
  3980 | D:6      | 3980 ||| FLEEEEING.
  3981 | D:6      | 3981 ||| FLEEEEING.
  3982 | D:6      | 3982 ||| FLEEEEING.
  3984 | D:6      | 3984 ||| STAIRDANCE
  4040 | D:5      | 4040 ||| READING scroll labelled IFIAGR APHUPEOM.
  4043 | D:6      | 4043 ||| STAIRDANCE
  4047 | D:5      | HP: 12/66 [wight/+0 great sword (9)]
  4048 | D:5      | 4048 ||| READING scroll of teleportation.
  4243 | D:6      | Reached skill level 10 in Ranged Weapons
  4338 | D:6      | HP: 14/73 [orc warrior/+0 dire flail (16)]
  4339 | D:6      | 4339 ||| DRINKING potion of heal wounds.
  4344 | D:6      | HP: 18/73 [orc warrior/+0 dire flail (2)]
  4594 | D:6      | 4594 ||| Stepping ~*~*~tactically~*~*~ (cloud).
  4601 | D:6      | Reached XP level 9. HP: 27/79 MP: 9/9
  4819 | D:6      | Reached skill level 11 in Ranged Weapons
  5002 | D:6      | 5002 ||| UPGRADING to +0 steam dragon scales.
  5012 | D:6      | 5012 ||| DROPPING +0 ring mail.
  5013 | D:6      | 5013 ||| READING 2 scrolls of identify.
  5013 | D:6      | 5013 ||| IDENTIFYING puce potion
  5014 | D:6      | 5014 ||| DROPPING potion of invisibility.
  5045 | D:7      | 5045 ||| Stepping ~*~*~tactically~*~*~ (outnumbered).
  5619 | D:7      | 5619 ||| Stepping ~*~*~tactically~*~*~ (outnumbered).
  5916 | D:7      | 5916 ||| UPGRADING to +4 ring mail.
  5926 | D:7      | 5926 ||| DROPPING +0 steam dragon scales.
  5927 | D:7      | 5927 ||| READING 2 scrolls of identify.
  5927 | D:7      | 5927 ||| IDENTIFYING amethyst potion
  5928 | D:7      | 5928 ||| DROPPING potion of berserk rage.
  5942 | D:8      | Noticed Maggie
  5945 | D:8      | Reached skill level 3 in Armour
  5949 | D:8      | 5949 ||| STAIRDANCE
  6009 | D:8      | 6009 ||| STAIRDANCE
  6056 | D:8      | 6056 ||| STAIRDANCE
  6059 | D:7      | Reached skill level 12 in Ranged Weapons
  6142 | D:8      | 6142 ||| STAIRDANCE
  6216 | D:8      | 6216 ||| STAIRDANCE
  6257 | D:8      | 6257 ||| STAIRDANCE
  6335 | D:8      | Killed Maggie
  6336 | D:8      | 6336 ||| STAIRDANCE
  6544 | D:8      | 6544 ||| Stepping ~*~*~tactically~*~*~ (outnumbered).
  6551 | D:8      | Reached skill level 13 in Ranged Weapons
  6551 | D:8      | Reached XP level 10. HP: 78/88 MP: 10/10
  6560 | D:8      | Noticed Amaemon
  6566 | D:8      | Noticed an orange demon
  6567 | D:8      | 6567 ||| Stepping ~*~*~tactically~*~*~ (outnumbered).
  6579 | D:8      | Killed Amaemon
  6580 | D:8      | Reached skill level 9 in Fighting
  6585 | D:8      | Noticed Joseph
  6586 | D:8      | HP: 21/91 [orange demon[Amaemon] (2)]
  6587 | D:8      | 6587 ||| READING 3 scrolls of teleportation.
  6591 | D:8      | 6591 ||| READING 2 scrolls of teleportation.
  6592 | D:8      | HP: 12/91 [orange demon[Amaemon] (2)]
  6597 | D:8      | 6597 ||| FLEEEEING.
  6598 | D:8      | 6598 ||| STAIRDANCE
  6812 | D:7      | 6812 ||| UPGRADING to ring of willpower.
  6813 | D:7      | 6813 ||| READING scroll labelled POGHIBOWKI.
  6820 | D:8      | 6820 ||| STAIRDANCE
  6888 | D:8      | 6888 ||| STAIRDANCE
  6936 | D:8      | 6936 ||| STAIRDANCE
  7024 | D:8      | 7024 ||| STAIRDANCE
  7094 | D:8      | 7094 ||| STAIRDANCE
  7136 | D:8      | 7136 ||| STAIRDANCE
  7224 | D:8      | 7224 ||| STAIRDANCE
  7264 | D:8      | 7264 ||| STAIRDANCE
  7402 | D:8      | 7402 ||| STAIRDANCE
  7450 | D:8      | 7450 ||| STAIRDANCE
  7454 | D:7      | Killed Joseph
  7533 | D:8      | Killed an orange demon
  7554 | D:8      | Found a glowing silver altar of Zin.
  7805 | D:9      | 7805 ||| READING scroll of acquirement.
  7805 | D:9      | 7805 ||| ACQUIRING +3 longbow "Xuurch" {drain, rF+ Will-
                  | Dex+3}
  7805 | D:9      | Acquired the +3 longbow "Xuurch" {drain, rF+ Will- Dex+3}
  7807 | D:9      | 7807 ||| SWAPPING to +3 longbow "Xuurch" {drain, rF+ Will-
                  | Dex+3}.
  7808 | D:9      | 7808 ||| DROPPING +4 orcbow of flaming.
  7815 | D:9      | 7815 ||| Stepping ~*~*~tactically~*~*~ (outnumbered).
  7816 | D:9      | Noticed an elephant
  7817 | D:9      | 7817 ||| Stepping ~*~*~tactically~*~*~ (outnumbered).
  7827 | D:9      | HP: 19/91 [gnoll/+0 whip[a gnoll sergeant] (4)]
  7828 | D:9      | 7828 ||| READING scroll of teleportation.
  7829 | D:9      | 7829 ||| DRINKING potion of heal wounds.
  7831 | D:9      | Noticed Gastronok
  7831 | D:9      | Killed from afar by Gastronok

Levels and vault maps discovered:
D:1:      psy_arrival_basics, layout_rooms, chequers_ecumenical_altar_island,
          minmay_worlds_worst_comb
D:2:      layout_loops_ring, grunt_ministairs_3
D:3:      layout_basic, nicolae_overflow_squiral
D:4:      layout_basic, lemuel_doored_altar, slow_altar_2, portal_sewer_entry_b
D:5:      layout_rooms, amcnicky_altar_gilded, minmay_temple_entry_purple_smoke
D:6:      kennysheep_steamy, layout_rooms, minmay_a_box_with_orc_wizards_in_it
D:7:      layout_basic, minmay_fractal_squares_5
D:8:      layout_cave_pools, lemuel_tele_altar, uniq_joseph, uniq_maggie,
          uniq_amaemon
D:9:      layout_irregular_city, david_lair_generic, serial_column_ruins,
          column_ruins_square_small, column_ruins_hut_ruined,
          column_ruins_open_tiny, column_ruins_grid_3,
          column_ruins_open_small_water, column_ruins_open_small,
          enter_bailey_7, minmay_misc_feat_rugged, minivault_23,
          nicolae_stop_n_shop_2, kennysheep_another_room, uniq_pikel,
          uniq_gastronok
Temple:   hellmonk_temple_beads

Skill      XL: |  1  2  3  4  5  6  7  8  9 10 |
---------------+-------------------------------+-----
Ranged Weapons | 3 4 5 6 7 8 10 13 | 13.6
Fighting       | 2 3 4 5 7 8 9 |  9.4
Armour         | 1 2 3 |  3.1
Dodging        | 3 5 |  5.8
Spellcasting   | |  1.0
Hexes          | |  2.0

Action                     |  1- 3 |  4- 6 |  7- 9 | 10-12 || total
---------------------------+-------+-------+-------+-------++-------
   Fire: Sling             |   122 |    80 |       |       ||   202
         Orcbow            |       |    48 |   307 |    75 ||   430
         Longbow           |       |       |       |    16 ||    16
    Use: Scroll            |       |     5 |     9 |     5 ||    19
         Potion            |       |     2 |     1 |     1 ||     4
 Armour: Robe              |    11 |     1 |       |       ||    12
         Ring mail         |       |     5 |    26 |    44 ||    75
         Steam dragon scal |       |       |    11 |       ||    11
  Dodge: Dodged            |    44 |    29 |    84 |    94 ||   251
         Repelled          |       |       |     1 |       ||     1

Table legend:
 A = Non-vault XP
 B = Vault XP
 C = Vault XP percentage of total XP
 D = Non-vault monster count
 E = Vault monster count
 F = Vault count percentage of total count
                 A         B        C        D         E       F
            +---------+---------+-------+---------+---------+-------
      Total |    4943 |    3197 |  39.3 |     163 |      30 |  15.5
            +---------+---------+-------+---------+---------+-------
        D:1 |      44 |       8 |  15.4 |      26 |       4 |  13.3
        D:2 |      55 |      18 |  24.7 |      12 |       3 |  20.0
        D:3 |     105 |       0 |   0.0 |      15 |       0 |   0.0
        D:4 |     705 |      26 |   3.6 |      30 |       5 |  14.3
        D:5 |     580 |       0 |   0.0 |      13 |       0 |   0.0
        D:6 |    1121 |     535 |  32.3 |      16 |       7 |  30.4
        D:7 |     944 |     848 |  47.3 |      21 |       7 |  25.0
        D:8 |    1141 |    1561 |  57.8 |      25 |       3 |  10.7
        D:9 |     248 |     201 |  44.8 |       5 |       1 |  16.7
            +---------+---------+-------+---------+---------+-------
